 Dungeon Crawl Stone Soup version 0.18-b1-18-g7758cf2 (webtiles) character file.

1103 pipel the Shield-Bearer (level 8, -2/64 HPs)
             Began as a Minotaur Necromancer on May 2, 2016.
             Was a Follower of Okawaru.
             Slain by an ogre
             ... wielding a +0 giant club
              (24 damage)
             ... on level 6 of the Dungeon.
             The game lasted 00:24:01 (4761 turns).

pipel the Shield-Bearer (Minotaur Necromancer)      Turns: 4761, Time: 00:24:01

Health: -2/64      AC:  6    Str: 13    XL:     8   Next: 10%
Magic:  8/18       EV: 12    Int: 16    God:    Okawaru [*.....]
Gold:   49         SH:  7    Dex:  9    Spells: 4 memorised, 2 levels left

rFire  . . .     SeeInvis .     a - +0 trident (flame)
rCold  . . .     Gourm    .     h - +1 robe
rNeg   . . .     Faith    .     z - +2 buckler
rPois  .         Spirit   .     (helmet restricted)
rElec  .         Dismiss  .     (no cloak)
rCorr  +         Reflect  .     E - +2 pair of gloves of the Blizzard {MR+++ rCorr Int+3 Dex-3}
SustAt .         Harm     .     (no boots)
MR     +++..                    (no amulet)
Stlth  +.........               C - +3 ring of slaying
                                s - ring of magical power

@: very slightly contaminated, extremely resistant to hostile enchantments, very
unstealthy
A: retaliatory headbutt, horns 2
a: Heroism, Renounce Religion


You were on level 6 of the Dungeon.
You worshipped Okawaru.
Okawaru was aware of your devotion.
You were very hungry.

You visited 1 branch of the dungeon, and saw 6 of its levels.

You collected 276 gold pieces.
You spent 227 gold pieces at shops.

Inventory:

Hand Weapons
 a - a +0 trident of flaming (weapon)
 b - a +0 hunting sling
 w - a +0 flail
 B - a +0 whip
 D - a cursed -1 war axe
Missiles
 d - 122 arrows
 e - 256 stones
 k - 38 poisoned needles
 u - a throwing net
 A - 41 bolts
 G - 18 sling bullets
 K - 7 poisoned javelins (quivered)
Armour
 f - a +0 ring mail of poison resistance
 h - a +1 robe (worn)
 p - a +0 ring mail
 z - a +2 buckler (worn)
 E - the +2 pair of gloves of the Blizzard (worn) {MR+++ rCorr Int+3 Dex-3}
   (You found it on level 6 of the Dungeon)

   It affects your intelligence (+3).
   It affects your dexterity (-3).
   It affects your resistance to hostile enchantments.
   It protects you from acid and corrosion.
Jewellery
 s - a ring of magical power (left hand)
 C - a +3 ring of slaying (right hand)
 I - the ring "Rutsurr" {SustAt Str+2 SInv}
   (You found it on level 6 of the Dungeon)

   [ring of sustain attributes]

   It sustains your strength, intelligence and dexterity.
   It affects your strength (+2).
   It lets you see invisible.
Wands
 x - a wand of random effects (23/48)
 H - a wand of paralysis (10/24)
Scrolls
 i - 3 scrolls of teleportation
 o - 4 scrolls of identify
 v - 4 scrolls of magic mapping
 y - 3 scrolls of remove curse
 N - a scroll of blinking {unknown}
Potions
 l - 2 potions of heal wounds
 n - a potion of degeneration
 r - a potion of might
 F - a potion of invisibility {unknown}
 J - a potion of berserk rage {unknown}
 L - a potion of haste {unknown}
 M - a potion of curing {unknown}
Books
 g - a book of Necromancy

   Spells                             Type                      Level
   a - Pain                           Necromancy                   1
   b - Animate Skeleton               Necromancy                   1
   c - Vampiric Draining              Necromancy                   3
   d - Regeneration                   Charms/Necromancy            3
   e - Animate Dead                   Necromancy                   4
   f - Control Undead                 Necromancy                   4
 q - a book of Geomancy

   Spells                             Type                      Level
   a - Sandblast                      Earth                        1
   b - Passwall                       Transmutation/Earth          2
   c - Stone Arrow                    Conjuration/Earth            3
   d - Petrify                        Transmutation/Earth          4
   e - Lee's Rapid Deconstruction     Earth                        5
Comestibles
 c - 3 bread rations
 j - 4 meat rations
 m - a slice of pizza
 t - 12 fruits


   Skills:
 + Level 3.6 Fighting
 - Level 0.5 Maces & Flails
 + Level 3.5 Polearms
 - Level 2.8 Slings
 * Level 2.3 Armour
 - Level 3.1 Dodging
 - Level 1.6 Stealth
 - Level 7.0 Shields
 - Level 1.3 Spellcasting
 + Level 4.2 Necromancy


You had 2 spell levels left.
You knew the following spells:

 Your Spells              Type           Power        Failure   Level  Hunger
a - Animate Skeleton      Necr           N/A          4%          1    ##.....
b - Passwall              Trmt/Erth      #.........   38%         2    ###....
p - Pain                  Necr           ##..         4%          1    ##.....
v - Vampiric Draining     Necr           ##........   12%         3    ####...


Dungeon Overview and Level Annotations

Branches:
Dungeon (6/15)             Temple (0/1) D:5

Altars:
Cheibriados
Elyvilon
Fedhas
Nemelex Xobeh
Okawaru
Yredelemnul

Shops:
D:5 *


Innate Abilities, Weirdness & Mutations

You reflexively headbutt those who attack you in melee.
You have a pair of horns on your head.


Message History

You barely miss the ogre.
The ogre is lightly wounded.
Your giant frog skeleton hits the ogre.
The ogre hits you with a giant club!
Your giant frog skeleton barely misses the ogre.
You take 16 damage, and have 39/64 hp.
MASSIVE DAMAGE!!
Casting: Animate Skeleton
Confirm with . or Enter, or press ? or * to list all spells.
Aiming: Vampiric Draining
Press: ? - help, Shift-Dir - straight line, f/p - ogre
Aim: an ogre, wielding a giant club (lightly wounded)
You miscast Vampiric Draining.
You are very lightly contaminated with residual magic.
The world around you seems to dim momentarily.
The ogre hits you with a giant club!
Your giant frog skeleton hits the ogre.
You take 17 damage, and have 22/64 hp.
MASSIVE DAMAGE!!
You now have 8/18 mp.
You barely miss the ogre.
The ogre is moderately wounded.
Your giant frog skeleton completely misses the ogre.
The ogre hits you with a giant club!!
You die...

### #########.#
#.........#
#.#######.#
#.#### #.#
#....# #@#
####.# #.O...$#
# #.# #..Z...#
[##########.#
#......#
.##...#.....#
#......#
.##.#.#.#####
#......#
.##.#.#....#
#......#
.##.#.#..#.#
#......#
..#......#.####.


You could see an ogre and a friendly giant frog skeleton.

Vanquished Creatures
  3 phantoms
  A centaur (D:6)
  A giant frog (D:6)
  2 scorpions
  A crimson imp (D:5)
  A jelly (D:6)
  An orc priest (D:5)
  7 orc wizards
  A giant frog skeleton (D:5)
  A worker ant (D:5)
  A hound zombie (D:5)
  6 gnolls
  6 adders
  An ooze (D:2)
  An adder zombie (D:5)
  2 worms (D:3)
  9 dart slugs (D:3)
  4 giant geckos
  20 orcs
  6 bats
  5 giant cockroaches
  5 goblins
  6 hobgoblins
  4 jackals (D:2)
  6 kobolds
  2 quokkas
  A ball python (D:2)
  A giant gecko skeleton (D:4)
  3 giant newts
  A rat (D:2)
109 creatures vanquished.

Vanquished Creatures (collateral kills)
  An orc priest (D:4)
  2 gnolls (D:3)
  An orc (D:5)
  2 hobgoblins (D:2)
6 creatures vanquished.

Vanquished Creatures (others)
  A giant newt (D:6)
1 creature vanquished.

Grand Total: 116 creatures vanquished

Notes
Turn   | Place    | Note
--------------------------------------------------------------
     0 | D:1      | pipel the Minotaur Necromancer began the quest for the Orb.
     0 | D:1      | Reached XP level 1. HP: 14/14 MP: 1/1
   483 | D:1      | Reached XP level 2. HP: 14/20 MP: 3/3
   510 | D:1      | Reached skill level 1 in Slings
   901 | D:3      | Found a white marble altar of Elyvilon.
   977 | D:3      | Reached XP level 3. HP: 26/27 MP: 4/4
  1001 | D:3      | Learned a level 3 spell: Vampiric Draining
  1178 | D:2      | Reached skill level 1 in Fighting
  1185 | D:2      | Reached XP level 4. HP: 23/35 MP: 1/5
  1208 | D:2      | Learned a level 1 spell: Animate Skeleton
  1385 | D:2      | Reached skill level 1 in Shields
  1661 | D:2      | Reached skill level 2 in Shields
  1945 | D:3      | Reached XP level 5. HP: 32/40 MP: 1/6
  2004 | D:3      | Reached skill level 3 in Shields
  2473 | D:3      | Reached skill level 4 in Shields
  2831 | D:3      | Reached skill level 5 in Shields
  2927 | D:4      | Noticed a phantom
  2930 | D:4      | Reached XP level 6. HP: 35/47 MP: 7/7
  3186 | D:4      | Reached skill level 6 in Shields
  3295 | D:4      | Found a basalt altar of Yredelemnul.
  3420 | D:4      | Reached skill level 1 in Polearms
  3503 | D:4      | Found a sparkling altar of Nemelex Xobeh.
  3601 | D:4      | Found a blossoming altar of Fedhas.
  3627 | D:4      | You fall through a shaft for 2 floors!
  3638 | D:6      | Reached skill level 7 in Shields
  3660 | D:6      | Got a pair of twisted gloves
  3666 | D:6      | Identified the +2 pair of gloves of the Blizzard {MR+++ rCorr Int+3 Dex-3} (You found it on level 6 of the Dungeon)
  3690 | D:6      | Reached XP level 7. HP: 46/52 MP: 8/8
  3693 | D:5      | Entered Level 5 of the Dungeon
  3820 | D:5      | Found an iron altar of Okawaru.
  3828 | D:5      | Became a worshipper of Warmaster Okawaru
  3969 | D:5      | Found a staircase to the Ecumenical Temple.
  4009 | D:5      | Found Daikorch's Assorted Antiques.
  4017 | D:5      | Bought a curved lead wand for 92 gold pieces
  4017 | D:5      | Bought a wooden wand for 92 gold pieces
  4017 | D:5      | Bought a scroll labeled DOCVIUCLET for 23 gold pieces
  4017 | D:5      | Bought an amethyst potion for 20 gold pieces
  4093 | D:5      | Reached skill level 1 in Armour
  4439 | D:5      | Learned a level 2 spell: Passwall
  4665 | D:6      | Found a snail-covered altar of Cheibriados.
  4699 | D:6      | Reached XP level 8. HP: 44/63 MP: 2/9
  4717 | D:6      | Got a steaming ivory ring
  4719 | D:6      | Identified the ring "Rutsurr" {SustAt Str+2 SInv} (You found it on level 6 of the Dungeon)
  4755 | D:6      | Reached * piety under Okawaru
  4761 | D:6      | Slain by an ogre

Skill      XL: |  1  2  3  4  5  6  7 |
---------------+----------------------+-----
Necromancy     | 3 4 |  4.2
Slings         | 1 2 |  2.8
Dodging        | 3 |  3.1
Fighting       | 1 3 |  3.6
Shields        | 2 5 7 |  7.0
Polearms       | 1 3 |  3.5
Armour         | 2 |  2.3
Maces & Flails | |  0.5
Stealth        | |  1.6
Spellcasting   | |  1.3

Action                   |  1- 3 |  4- 6 |  7- 9 || total
-------------------------+-------+-------+-------++-------
Melee: Whip              |    82 |    86 |       ||   168
       Headbutt          |    12 |    18 |     6 ||    36
       Trident           |       |    57 |    68 ||   125
 Fire: Hunting sling     |    39 |    35 |       ||    74
Throw: Stone             |     2 |    14 |     1 ||    17
       Javelin           |       |       |     2 ||     2
 Cast: Vampiric Draining |     4 |    24 |    12 ||    40
       Animate Skeleton  |       |    27 |     4 ||    31
       Pain              |       |    18 |     3 ||    21
  Use: Scroll            |     4 |       |     5 ||     9
       Potion            |       |     6 |       ||     6
 Stab: Sleeping          |     2 |     1 |     2 ||     5
  Eat: Chunk             |     1 |    15 |     5 ||    21
Armor: Robe              |    17 |    22 |     8 ||    47
Dodge: Dodged            |    63 |    90 |    29 ||   182
Block: Buckler           |       |    54 |    18 ||    72
